| TOP OF THE 1ST |
|
Dayton Dragons batting - Pitching for Great Lakes Loons : RHP Georgs Felitti
|
|
Pitching: RHP Georgs Felitti
|
|
|
Batting: LHB Kelvin Jones
|
0-0: Fly out, F8 (Line Drive, 8RM, EV 105.0 MPH)
|
|
Batting: LHB Jeremy Robertson
|
0-0: Ball 1-0: Ball 2-0: Ground out U3 (Groundball, 3L, EV 81.2 MPH)
|
|
Batting: RHB Logan Johnson
|
0-0: Ball 1-0: Foul Ball, location: 2F 1-1: Ball 2-1: Foul Ball, location: 2F 2-2: Ball 3-2: SINGLE (Groundball, P, EV 79.4 MPH) (infield hit)
|
|
Batting: LHB Chris Redhead
|
0-0: Called Strike 0-1: Ball 1-1: Swinging Strike 1-2: Ball 2-2: Ground out 1-3 (Groundball, 15S, EV 68.8 MPH)
|
| Top of the 1st over - 0 runs, 1 hit, 0 errors, 1 left on base; Dayton 0 - Great Lakes 0 |
| BOTTOM OF THE 1ST |
|
Great Lakes Loons batting - Pitching for Dayton Dragons : LHP Josue Silva
|
|
Pitching: LHP Josue Silva
|
|
|
Batting: RHB Pablo Lopez
|
0-0: Called Strike 0-1: Ground out 3-1 (Groundball, 34, EV 105.6 MPH)
|
|
Batting: SHB Hank Arias
|
0-0: Called Strike 0-1: Foul Ball, location: 2F 0-2: Strikes out looking
|
|
Batting: RHB Eddie Perry
|
0-0: Ball 1-0: Foul Ball, location: 2F 1-1: Hit by Pitch
|
|
Batting: RHB Juan Gallardo
|
0-0: Foul Ball, location: 2F 0-1: Ball Wild Pitch! Eddie Perry to second 1-1: Swinging Strike 1-2: SINGLE (Groundball, 34D, EV 96.9 MPH) Eddie Perry to third Runner from 3rd tries for Home, SAFE, throw by RF to home
|
|
Batting: RHB Alex Melgoza
|
0-0: Foul Ball, location: 2F 0-1: Foul Ball, location: 2F 0-2: Ball 1-2: Foul Ball, location: 2F 1-2: Fly out, F6 (Flyball, 56D, EV 85.0 MPH)
|
| Bottom of the 1st over - 1 run, 1 hit, 0 errors, 1 left on base; Dayton 0 - Great Lakes 1 |
| TOP OF THE 2ND |
|
Dayton Dragons batting - Pitching for Great Lakes Loons : RHP Georgs Felitti
|
|
Batting: SHB Jaivata Mohanty
|
0-0: Swinging Strike 0-1: Swinging Strike 0-2: Strikes out swinging
|
|
Batting: RHB Alex Villagomez
|
0-0: Ball 1-0: Called Strike 1-1: Foul Ball, location: 2F 1-2: Ground out 3-1 (Groundball, 34S, EV 86.9 MPH)
|
|
Batting: RHB Toki Takeuchi
|
0-0: Swinging Strike 0-1: Called Strike 0-2: Ball 1-2: Ball 2-2: Fly out, F9 (Flyball, 9LM, EV 87.5 MPH)
|
| Top of the 2nd over - 0 runs, 0 hits, 0 errors, 0 left on base; Dayton 0 - Great Lakes 1 |
| BOTTOM OF THE 2ND |
|
Great Lakes Loons batting - Pitching for Dayton Dragons : LHP Josue Silva
|
|
Batting: SHB Josh Vaill
|
0-0: Called Strike 0-1: Ball 1-1: Foul Ball, location: 2F 1-2: Ball 2-2: Strikes out swinging
|
|
Batting: RHB Mike Kaczor
|
0-0: Ball 1-0: Ball 2-0: Ball 3-0: Called Strike 3-1: Foul Ball, location: 2F 3-2: Ground out 5-3 (Groundball, 56, EV 105.6 MPH)
|
|
Batting: LHB Ramon Vega
|
0-0: Swinging Strike 0-1: Ball 1-1: Ball 2-1: Foul Ball, location: 2F 2-2: Ball 3-2: Strikes out swinging
|
| Bottom of the 2nd over - 0 runs, 0 hits, 0 errors, 0 left on base; Dayton 0 - Great Lakes 1 |
| TOP OF THE 3RD |
|
Dayton Dragons batting - Pitching for Great Lakes Loons : RHP Georgs Felitti
|
|
Batting: RHB John Hopkins
|
0-0: Ball 1-0: Bunt for hit to 25 - play at first, batter OUT! 5-3
|
|
Batting: RHB Steve Moore
|
0-0: Ball 1-0: Fly out, F8 (Line Drive, 8RD, EV 94.4 MPH)
|
|
Batting: LHB Kelvin Jones
|
0-0: Ball 1-0: Ground out 4-3 (Groundball, 4, EV 88.1 MPH)
|
| Top of the 3rd over - 0 runs, 0 hits, 0 errors, 0 left on base; Dayton 0 - Great Lakes 1 |
| BOTTOM OF THE 3RD |
|
Great Lakes Loons batting - Pitching for Dayton Dragons : LHP Josue Silva
|
|
Batting: RHB Ingidayehu Lagat
|
0-0: SINGLE (Flyball, 7LS, EV 93.1 MPH)
|
|
Batting: RHB Pablo Lopez
|
0-0: Called Strike 0-1: Called Strike 0-2: Strikes out looking
|
|
Batting: SHB Hank Arias
|
0-0: Ball 1-0: Ball 2-0: Ball 3-0: Base on Balls Ingidayehu Lagat to second
|
|
Batting: RHB Eddie Perry
|
0-0: Foul Ball, location: 2F 0-1: Foul Ball, location: 2F 0-2: Strikes out swinging
|
|
Batting: RHB Juan Gallardo
|
0-0: SINGLE (Flyball, 8RS, EV 88.8 MPH) Ingidayehu Lagat to third Hank Arias to second Runner from 3rd tries for Home, SAFE, throw by CF to home
|
|
Batting: RHB Alex Melgoza
|
0-0: Called Strike 0-1: Ball 1-1: Fielders Choice at 2nd, 5-4 (Groundball, 56D, EV 80.6 MPH)
|
| Bottom of the 3rd over - 1 run, 2 hits, 0 errors, 2 left on base; Dayton 0 - Great Lakes 2 |
| TOP OF THE 4TH |
|
Dayton Dragons batting - Pitching for Great Lakes Loons : RHP Georgs Felitti
|
|
Batting: LHB Jeremy Robertson
|
0-0: SOLO HOME RUN (Flyball, 89XD, EV 101.9 MPH), Distance : 397 ft
|
|
Batting: RHB Logan Johnson
|
0-0: Ball 1-0: Ball 2-0: Swinging Strike 2-1: Foul Ball, location: 2F 2-2: Foul Ball, location: 2F 2-2: Ball 3-2: Foul Ball, location: 2F 3-2: Base on Balls
|
|
Batting: LHB Chris Redhead
|
0-0: Foul Ball, location: 2F 0-1: Ball 1-1: Ball 2-1: Ball 3-1: Called Strike 3-2: Foul Ball, location: 2F 3-2: DOUBLE (Line Drive, 89M, EV 106.2 MPH) Logan Johnson to third Logan Johnson scores
|
|
Batting: SHB Jaivata Mohanty
|
0-0: Ball 1-0: Foul Ball, location: 2F 1-1: Swinging Strike 1-2: Ball 2-2: Foul Ball, location: 2F 2-2: Ball 3-2: Foul Ball, location: 2F 3-2: Base on Balls
|
|
Batting: RHB Alex Villagomez
|
0-0: Ball 1-0: Ball 2-0: Swinging Strike 2-1: DOUBLE (Line Drive, 8RXD, EV 104.4 MPH) Chris Redhead scores Jaivata Mohanty to third
|
|
Batting: RHB Toki Takeuchi
|
0-0: Called Strike 0-1: Ball 1-1: Ball 2-1: Ball Wild Pitch! Jaivata Mohanty scores Alex Villagomez to third 3-1: Ground out 5-3 (Groundball, 56S, EV 61.2 MPH)
|
|
Batting: RHB John Hopkins
|
0-0: Ball 1-0: Ball 2-0: Ball 3-0: Called Strike 3-1: Base on Balls
|
|
Batting: RHB Steve Moore
|
0-0: Called Strike John Hopkins steals 2nd base 0-1: Ball 1-1: Called Strike 1-2: Foul Ball, location: 2F 1-2: Strikes out swinging
|
|
Batting: LHB Kelvin Jones
|
0-0: Ball 1-0: Ball 2-0: Foul Ball, location: 2F 2-1: Ball 3-1: Called Strike 3-2: Base on Balls
|
|
Batting: LHB Jeremy Robertson
|
0-0: Ball 1-0: Ground out 4-3 (Groundball, 4, EV 79.4 MPH)
|
| Top of the 4th over - 4 runs, 3 hits, 0 errors, 3 left on base; Dayton 4 - Great Lakes 2 |
| BOTTOM OF THE 4TH |
|
Great Lakes Loons batting - Pitching for Dayton Dragons : LHP Josue Silva
|
|
Batting: SHB Josh Vaill
|
0-0: Ball 1-0: Called Strike 1-1: Ball 2-1: Foul Ball, location: 2F 2-2: Foul Ball, location: 2F 2-2: Fly out, F9 (Flyball, 9, EV 93.8 MPH)
|
|
Batting: RHB Mike Kaczor
|
0-0: Called Strike 0-1: Ball 1-1: Ball 2-1: Fly out, F7 (Flyball, 7LD, EV 103.1 MPH)
|
|
Batting: LHB Ramon Vega
|
0-0: Called Strike 0-1: Foul Ball, location: 2F 0-2: Strikes out swinging
|
| Bottom of the 4th over - 0 runs, 0 hits, 0 errors, 0 left on base; Dayton 4 - Great Lakes 2 |
| TOP OF THE 5TH |
|
Dayton Dragons batting - Pitching for Great Lakes Loons : RHP Georgs Felitti
|
|
Batting: RHB Logan Johnson
|
0-0: Called Strike 0-1: SINGLE (Groundball, 5S, EV 61.9 MPH) (infield hit)
|
|
Batting: LHB Chris Redhead
|
0-0: Called Strike 0-1: Foul Ball, location: 2F 0-2: Fly out, F7 (Line Drive, 78S, EV 96.2 MPH)
|
|
Batting: SHB Jaivata Mohanty
|
0-0: Called Strike 0-1: Foul Ball, location: 2F 0-2: Ball Logan Johnson steals 2nd base 1-2: Foul Ball, location: 2F 1-2: Foul Ball, location: 2F 1-2: Ground out 6-3 (Groundball, 56, EV 98.8 MPH)
|
|
Batting: RHB Alex Villagomez
|
0-0: Intentional Walk
|
|
Batting: RHB Toki Takeuchi
|
0-0: Ball 1-0: Fly out, F9 (Flyball, 9, EV 95.6 MPH)
|
| Top of the 5th over - 0 runs, 1 hit, 0 errors, 2 left on base; Dayton 4 - Great Lakes 2 |
| BOTTOM OF THE 5TH |
|
Great Lakes Loons batting - Pitching for Dayton Dragons : LHP Josue Silva
|
|
Batting: RHB Ingidayehu Lagat
|
0-0: Called Strike 0-1: Foul Ball, location: 2F 0-2: Ball 1-2: Ball 2-2: Ground out 5-3 (Groundball, 56S, EV 83.1 MPH)
|
|
Batting: RHB Pablo Lopez
|
0-0: Ball 1-0: Ball 2-0: Ball 3-0: Base on Balls
|
|
Batting: SHB Hank Arias
|
0-0: Ball Pablo Lopez steals 2nd base (no throw) 1-0: Swinging Strike 1-1: Ball 2-1: Called Strike 2-2: Foul Ball, location: 2F 2-2: DOUBLE (Line Drive, 9LM, EV 105.6 MPH) Pablo Lopez scores
|
|
Batting: RHB Eddie Perry
|
0-0: Called Strike 0-1: Called Strike 0-2: Hit by Pitch
|
|
Batting: RHB Juan Gallardo
|
0-0: SINGLE (Groundball, 34D, EV 94.4 MPH) Hank Arias to third Eddie Perry to second
|
|
Batting: RHB Alex Melgoza
|
0-0: Called Strike 0-1: Swinging Strike 0-2: Strikes out swinging
|
|
Batting: SHB Josh Vaill
|
0-0: Called Strike 0-1: Ball 1-1: SINGLE (Groundball, 6D, EV 104.4 MPH) Hank Arias scores Eddie Perry to third Juan Gallardo to second Runner from 3rd tries for Home, throw by LF and OUT! 7-2
|
| Bottom of the 5th over - 2 runs, 3 hits, 0 errors, 2 left on base; Dayton 4 - Great Lakes 4 |
| TOP OF THE 6TH |
|
Dayton Dragons batting - Pitching for Great Lakes Loons : RHP Georgs Felitti
|
|
Batting: RHB John Hopkins
|
0-0: Called Strike 0-1: Swinging Strike 0-2: Foul Ball, location: 2F 0-2: SINGLE (Groundball, 6M, EV 95.0 MPH)
|
|
Batting: RHB Steve Moore
|
0-0: Ball John Hopkins steals 2nd base (no throw) 1-0: Swinging Strike 1-1: Swinging Strike 1-2: Foul Ball, location: 2F 1-2: Fly out, F7 (Flyball, 7S, EV 86.9 MPH)
|
|
Pitching: LHP John Miller
|
|
|
Batting: LHB Kelvin Jones
|
0-0: Called Strike 0-1: Ball 1-1: Ball 2-1: Foul Ball, location: 2F 2-2: Ball 3-2: Foul Ball, location: 2F 3-2: Fly out, F9 (Flyball, 89M, EV 81.9 MPH) Runner from 2nd tags up, SAFE at 3rd with throw by RF
|
|
Batting: LHB Jeremy Robertson
|
0-0: Foul Ball, location: 2F 0-1: Ball 1-1: Called Strike 1-2: Ball Passed Ball! John Hopkins scores 2-2: Ball 3-2: Strikes out swinging
|
| Top of the 6th over - 1 run, 1 hit, 0 errors, 0 left on base; Dayton 5 - Great Lakes 4 |
| BOTTOM OF THE 6TH |
|
Great Lakes Loons batting - Pitching for Dayton Dragons : LHP Josue Silva
|
|
Pitching: RHP Kevin Larner
|
|
|
Batting: RHB Mike Kaczor
|
0-0: Ball 1-0: Ball 2-0: Called Strike 2-1: Foul Ball, location: 2F 2-2: Ground out 4-3 (Groundball, 34, EV 79.4 MPH)
|
|
Batting: LHB Ramon Vega
|
0-0: Ground out 4-3 (Groundball, 4, EV 105.0 MPH)
|
|
Batting: RHB Ingidayehu Lagat
|
0-0: Called Strike 0-1: Swinging Strike 0-2: Strikes out swinging
|
| Bottom of the 6th over - 0 runs, 0 hits, 0 errors, 0 left on base; Dayton 5 - Great Lakes 4 |
| TOP OF THE 7TH |
|
Dayton Dragons batting - Pitching for Great Lakes Loons : LHP John Miller
|
|
Batting: RHB Logan Johnson
|
0-0: Ball 1-0: Foul Ball, location: 2F 1-1: Foul Ball, location: 2F 1-2: Strikes out swinging
|
|
Batting: LHB Chris Redhead
|
0-0: Ground out 5-3 (Groundball, 5D, EV 100.0 MPH)
|
|
Batting: SHB Jaivata Mohanty
|
0-0: Swinging Strike 0-1: Called Strike 0-2: Strikes out swinging
|
| Top of the 7th over - 0 runs, 0 hits, 0 errors, 0 left on base; Dayton 5 - Great Lakes 4 |
| BOTTOM OF THE 7TH |
|
Great Lakes Loons batting - Pitching for Dayton Dragons : RHP Kevin Larner
|
|
Batting: RHB Pablo Lopez
|
0-0: Ball 1-0: Ball 2-0: Called Strike 2-1: Ground out 6-3 (Groundball, 6, EV 77.5 MPH)
|
|
Batting: SHB Hank Arias
|
0-0: DOUBLE (Flyball, 8RXD, EV 104.4 MPH)
|
|
Batting: RHB Eddie Perry
|
0-0: Foul Ball, location: 2F 0-1: SINGLE (Groundball, 4MD, EV 96.2 MPH) Hank Arias to third
|
|
Batting: RHB Juan Gallardo
|
0-0: Ball 1-0: Ball 2-0: Ball 3-0: Called Strike 3-1: SINGLE (Groundball, 3D, EV 99.4 MPH) Hank Arias scores Eddie Perry to second Runner from 2nd tries for 3rd, SAFE, throw by RF made to third
|
|
Pinch Hitting: LHB Josh Moore
|
0-0: Called Strike 0-1: Foul Ball, location: 2F 0-2: Ball 1-2: Strikes out swinging
|
|
Batting: SHB Josh Vaill
|
0-0: SINGLE (Groundball, 34D, EV 98.8 MPH) Eddie Perry scores Juan Gallardo to second
|
|
Batting: RHB Mike Kaczor
|
0-0: Called Strike 0-1: Foul Ball, location: 2F 0-2: Ball 1-2: Ball 2-2: Ground out 6-3 (Groundball, 6D, EV 90.6 MPH)
|
| Bottom of the 7th over - 2 runs, 4 hits, 0 errors, 2 left on base; Dayton 5 - Great Lakes 6 |
| TOP OF THE 8TH |
|
Dayton Dragons batting - Pitching for Great Lakes Loons : LHP John Miller
|
|
Pitching: RHP Adonis Loyd
|
|
|
Now in LF: Josh Moore
|
|
|
Now in RF: Ramon Vega
|
|
|
Batting: RHB Alex Villagomez
|
0-0: Called Strike 0-1: Called Strike 0-2: Foul Ball, location: 2F 0-2: Ball 1-2: Ball 2-2: Ground out 6-3 (Groundball, 6, EV 100.6 MPH)
|
|
Batting: RHB Toki Takeuchi
|
0-0: SINGLE (Groundball, 5L, EV 103.8 MPH)
|
|
Batting: RHB John Hopkins
|
0-0: Called Strike Toki Takeuchi is caught stealing 2nd base 2-4 0-1: Ball 1-1: Foul Ball, location: 2F 1-2: Ball 2-2: Strikes out swinging
|
| Top of the 8th over - 0 runs, 1 hit, 0 errors, 0 left on base; Dayton 5 - Great Lakes 6 |
| BOTTOM OF THE 8TH |
|
Great Lakes Loons batting - Pitching for Dayton Dragons : RHP Kevin Larner
|
|
Pitching: LHP Juan Villegas
|
|
|
Batting: LHB Ramon Vega
|
0-0: Called Strike 0-1: Ball 1-1: Ball 2-1: SINGLE (Groundball, 6MD, EV 96.9 MPH)
|
|
Batting: RHB Ingidayehu Lagat
|
0-0: Swinging Strike 0-1: Foul Ball, location: 2F 0-2: Ball 1-2: Ball 2-2: Foul Ball, location: 2F 2-2: Ball 3-2: Strikes out swinging
|
|
Batting: RHB Pablo Lopez
|
0-0: Ball 1-0: Called Strike 1-1: Swinging Strike 1-2: Strikes out looking
|
|
Batting: SHB Hank Arias
|
0-0: Ball 1-0: Foul Ball, location: 2F 1-1: Called Strike 1-2: Foul Ball, location: 2F 1-2: Strikes out swinging
|
| Bottom of the 8th over - 0 runs, 1 hit, 0 errors, 1 left on base; Dayton 5 - Great Lakes 6 |
| TOP OF THE 9TH |
|
Dayton Dragons batting - Pitching for Great Lakes Loons : RHP Adonis Loyd
|
|
Batting: RHB Steve Moore
|
0-0: Ball 1-0: Fly out, F7 (Flyball, 7S, EV 93.1 MPH)
|
|
Batting: LHB Kelvin Jones
|
0-0: SINGLE (Line Drive, 3D, EV 99.4 MPH)
|
|
Batting: LHB Jeremy Robertson
|
0-0: Swinging Strike 0-1: Called Strike 0-2: Strikes out swinging
|
|
Batting: RHB Logan Johnson
|
0-0: Ball Kelvin Jones steals 2nd base 1-0: Called Strike 1-1: Foul Ball, location: 2F 1-2: Strikes out swinging
|
| Top of the 9th over - 0 runs, 1 hit, 0 errors, 1 left on base; Dayton 5 - Great Lakes 6 |
|